Map: Acropolis LE

Players

Quma - Winner!

  • Race: Terran Terran
  • League: Master
  • Spawn Location: 11:00

Mez

  • Race: Terran Terran
  • League: Master
  • Spawn Location: 5:00

VOD

Have the link to the VOD?

Description

Time

  • Played on: Aug. 12, 2019, 11:02 a.m.
  • Length: 3:21
Show
View Real Time Build Order
Export as new Build Order

Quma Terran - Winner!

Build Orders:  

Get SALT Encoding   

  12  0:01  SCV  
  13  0:13  SCV  
  14  0:17  Supply Depot  
  14  0:25  SCV  
  15  0:31  Refinery  
  15  0:39  SCV  
  16  0:44  Barracks  
  16  0:51  SCV  
  16  0:56  Refinery  
  17  1:03  SCV  
  18  1:15  SCV  
  19  1:31  Orbital Command  
  19  1:32  Factory  
  19  1:39  Reaper  
  20  1:52  Supply Depot  
  20  1:56  SCV  
  21  2:10  SCV  
  21  2:11  Reaper  
  23  2:17  Hellion  
  25  2:29  Command Center  
  25  2:41  Hellion  
  27  2:46  Barracks Tech Lab  
  27  2:48  SCV, Starport  
  28  2:53  Supply Depot  
Show
View Real Time Build Order
Export as new Build Order

Mez Terran 

Build Orders: Reaper Expand 

Get SALT Encoding   

  12  0:01  SCV  
  13  0:13  SCV  
  14  0:18  Supply Depot  
  14  0:25  SCV  
  15  0:39  SCV  
  15  0:41  Barracks  
  16  0:45  Refinery  
  16  0:51  SCV  
  17  1:03  SCV  
  18  1:15  SCV  
  19  1:29  Reaper, Orbital Command  
  20  1:40  Command Center  
  20  1:54  Supply Depot  
  20  1:55  SCV  
  21  2:05  Factory  
  21  2:08  SCV  
  22  2:14  Refinery  
  22  2:16  Supply Depot  
  22  2:23  Barracks Reactor  
  22  2:35  SCV  
  23  2:49  Factory Tech Lab  
  23  2:53  Orbital Command  
  23  2:54  SCV  
  24  2:59  Marine x2  
  24  3:02  Command Center  
Tags
 
Add a new tag
Caveats
  • Supply blocks, unpowered buildings, or Contaminate may cause inaccurate times.
  • Supply counts are checked every 10 seconds.